 Dungeon Crawl Stone Soup version 0.29.0-15-g675c0067aa (webtiles) character file.

Game seed: 15874337380511777021

27078 qw the Cleaver (level 13, -4/82 HPs)
             Began as a Gargoyle Delver on Sept 11, 2022.
             Was a High Priest of Okawaru.
             Killed from afar by a starcursed mass (9 damage)
             ... with an accursed screaming
             ... on level 2 of the Abyss.
             The game lasted 00:07:30 (16026 turns).

qw the Cleaver (Gargoyle Delver)                   Turns: 16026, Time: 00:07:31

Health: -4/82      AC: 38    Str: 19      XL:     13   Next: 30%
Magic:  20/20      EV: 11    Int: 16      God:    Okawaru [*****.]
Gold:   825        SH: 12    Dex:  9 (10) Spells: 12/12 levels left

rFire   . . .      SeeInvis .   Y - +3 war axe (flame)
rCold   . . .      Faith    .   l - +0 kite shield
rNeg    + . .      Spirit   .   b - +0 plate armour
rPois   inf        Reflect  .   (no helmet)
rElec   +          Harm     .   j - +2 cloak
rCorr   .          Rampage  .   o - +0 pair of gloves
Will    .....                   p - +2 pair of boots
Stlth   ..........              q - amulet of the acrobat
HPRegen 0.23/turn               k - +4 ring of protection
MPRegen 0.17/turn               a - +4 ring of evasion

@: about to teleport, heroic
A: sickness immunity, AC +9, negative energy resistance 1, electricity
resistance, torment resistance 1, petrification resistance, clever 1,
deterioration 1
a: Renounce Religion, Heroism, Finesse, Duel


You were on level 2 of the Abyss.
You worshipped Okawaru.
Okawaru was extremely pleased with you.
You visited 2 branches of the dungeon, and saw 13 of its levels.
You visited the Abyss 1 time.

You collected 825 gold pieces.


Innate Abilities, Weirdness & Mutations

You are immune to sickness and miasma.
Your stone body is resilient. (AC +9)
You are immune to poison.
You resist negative energy. (rN+)
You are resistant to electric shocks. (rElec)
You are resistant to unholy torment.
You are immune to petrification.
Your mind is acute. (Int +4, Str/Dex -1)
Your body sometimes deteriorates upon taking damage.


   Skills:
 - Level 10.0(15.0) Fighting
 + Level 12.0(17.0) Axes
 - Level 2.1(7.1) Throwing
 - Level 9.1(14.1) Armour
 - Level 2.2(7.2) Dodging
 - Level 5.4(10.4) Stealth
 - Level 10.8(15.8) Shields
 - Level 10.0 Invocations


You had 12 spell levels left.
You didn't know any spells.
Your spell library was empty.

Inventory:

Hand Weapons
 Y - a +3 war axe of flaming (weapon)
Armour
 b - a +0 plate armour (worn)
 i - the +1 gold dragon scales of Vexation {rPois rF+ rC+ Will++ Regen+ Str-5 SInv}
   (Okawaru gifted it to you on level 5 of the Lair of Beasts)

   Str:       It affects your strength (-5).
   rF:        It protects you from fire.
   rC:        It protects you from cold.
   rPois:     It protects you from poison.
   SInv:      It lets you see invisible.
   Regen:     It increases your rate of health regeneration.
   Will:      It greatly increases your willpower.
 j - a +2 cloak (worn)
 l - a +0 kite shield (worn)
 o - a +0 pair of gloves (worn)
 p - a +2 pair of boots (worn)
Jewellery
 a - a +4 ring of evasion (right hand)
 k - a +4 ring of protection (left hand)
 q - an amulet of the acrobat (around neck)
 u - an amulet of regeneration
Wands
 g - a wand of digging (3)
Scrolls
 h - 3 scrolls of identify
Potions
 d - 9 potions of curing
 e - 2 potions of magic
 f - 4 potions of haste
 m - 3 potions of mutation
 t - a potion of might

Dungeon Overview and Level Annotations

Branches:
Dungeon (8/15)             Temple (0/1) D:7            Lair (5/5) D:8
 Shoals (0/4) Lair:2        Snake (0/4) Lair:3        Slime (0/5) Lair:4

Altars:
Cheibriados
Elyvilon
Fedhas
Kikubaaqudgha
Makhleb
Nemelex Xobeh
Okawaru
Vehumet
Wu Jian
Zin
Jiyva

Shops:
D:1 [   D:6 =

Annotations:
D:1 1 transporter
D:3 2 transporters, Arctirus's ghost, amateur OpHW
D:8 3 runed translucent doors, qw's ghost, novice GrBe; qw's ghost, novice GrDe
Lair:2 3 runed translucent doors, qw's ghost, journeyman GrFi


Message History

The starcursed mass shrieks in your mind.
The starcursed mass shrieks in your mind.
You block the small abomination's attack.
You slash the small abomination! You burn the small abomination.
The small abomination is severely damaged.
You hit the small abomination. You burn the small abomination.
The small abomination is almost destroyed.
You block the small abomination's attack.
A starcursed mass splits.
You hit the small abomination. You burn the small abomination.
You destroy the small abomination!
Okawaru accepts your kill. A chorus of shrieks assaults your mind.
You hit the starcursed mass but do no damage.
A starcursed mass splits. x2
A chorus of shrieks assaults your mind.
Your body deteriorates!
You feel clumsy.
16022 ||| READING scroll of teleportation.
As you read the scroll of teleportation, it crumbles to dust.
You feel strangely unstable.
You feel the power of the Abyss delaying your translocation!
A starcursed mass splits.
The starcursed mass touches you!
You slash the starcursed mass! You burn the starcursed mass.
You destroy the starcursed mass!
Okawaru accepts your kill.
You hit the starcursed mass. You burn the starcursed mass.
You hit the starcursed mass but do no damage.
The starcursed mass shudders and is absorbed by its neighbour.
You hit the starcursed mass. You burn the starcursed mass.
The starcursed mass is lightly damaged.
The starcursed mass shudders and is absorbed by its neighbour.
A starcursed mass splits. x2
You hit the starcursed mass. You burn the starcursed mass.
The starcursed mass is moderately damaged.
The starcursed mass shudders and is absorbed by its neighbour.
A starcursed mass splits.
You hit the starcursed mass but do no damage.
The starcursed mass is lightly damaged.
A chorus of shrieks assaults your mind.
You die...

...# # .##..### .
. # .## .#.# .
#7####.#.#.# 7
..7.....####. ##
#......#.... 7
7..#...#....# #
####'..#.....#.#.
# # .
...............# .
8......@......# .8
...........X......
.
######.#..X###.~~~
.8. ....#.X. ~~# #
......#X.# .. .
#.#.......#
......##... . .
..##. ....


You could see 4 starcursed masses.

Vanquished Creatures
  2 hydras (Lair:5)
  Erica (Lair:1)
  A soul eater (Abyss:2)
  8 elephants
  4 black mambas
  A smoke demon (Abyss:2)
  7 cane toads
  A gargoyle (D:8)
  8 rime drakes
  10 komodo dragons
  2 trolls (D:5)
  A tyrant leech (Lair:3)
  15 blink frogs
  2 wyverns (Lair:5)
  A basilisk (Lair:5)
  2 steam dragons
  16 yaks
  2 swamp worms (Lair:3)
  Menkaure (D:5)
  An acid dragon (D:7)
  17 water moccasins
  3 ice beasts
  3 black bears
  An orc warrior (D:8)
  13 wolves
  5 ogres
  2 small abominations (Abyss:2)
  3 kobold brigands
  4 centaurs (Lair:2)
  A phantom (D:7)
  7 bullfrogs
  A necrophage (D:7)
  6 scorpions
  6 wights
  3 killer bees (D:7)
  A howler monkey (D:5)
  A crimson imp (D:3)
  A quasit (D:7)
  A starcursed mass (Abyss:2)
  8 hounds
  2 orc priests
  2 jellies
  Jessica (D:2)
  2 iguanas (D:6)
  3 orc wizards
  5 adders
  2 gnolls
  A shadow imp (D:7)
  5 white imps
  6 ufetubi
  2 worms
  3 dart slugs
  35 orcs
  5 bats
  3 endoplasms
  5 giant cockroaches
  5 hobgoblins
  6 jackals
  20 kobolds
  6 quokkas
  7 ball pythons
  4 frilled lizards
  11 goblins
  5 rats
319 creatures vanquished.

Vanquished Creatures (others)
  A demonic plant (D:7)
  13 fungi
  30 plants
44 creatures vanquished.

Grand Total: 363 creatures vanquished

Notes
Turn   | Place    | Note
-------+----------+-------------------------------------------
     0 | D:5      | qw the Gargoyle Delver began the quest for the Orb.
     0 | D:5      | Reached XP level 1. HP: 14/14 MP: 1/1
     0 | D:5      | 0 ||| qw: Version: 0.1-a-118-gb4e7ce6
     0 | D:5      | 0 ||| qw: Game counter: 10406
     0 | D:5      | 0 ||| qw: Always use a shield: true
     0 | D:5      | 0 ||| qw: God list: Okawaru
     0 | D:5      | 0 ||| qw: Allow faded altars: false
     0 | D:5      | 0 ||| qw: Do Orc after D:15 true
     0 | D:5      | 0 ||| qw: Do second Lair branch before Depths: true
     0 | D:5      | 0 ||| qw: Lair rune preference: random
     0 | D:5      | 0 ||| qw: Plans: Normal
     0 | D:5      | 0 ||| PLANNING D:1-11
     1 | D:5      | Identified the +1 scale mail "Yteoto Isko" {rElec Int+2}
    39 | D:5      | Reached skill level 2 in Axes
   223 | D:5      | 223 ||| UPGRADING to +1 scale mail "Yteoto Isko" {rElec
                  | Int+2}.
   233 | D:5      | 233 ||| DROPPING +0 leather armour.
   234 | D:5      | 234 ||| DROPPING scroll of fog.
   235 | D:5      | 235 ||| DROPPING scroll of magic mapping.
   236 | D:5      | 236 ||| DROPPING scroll of fear.
   331 | D:3      | Reached XP level 2. HP: 16/19 MP: 2/2
   432 | D:2      | Reached skill level 3 in Axes
   432 | D:2      | Reached XP level 3. HP: 21/23 MP: 3/3
   604 | D:2      | 604 ||| READING scroll labelled MEATOYCIYGU.
   776 | D:1      | 776 ||| Stepping ~*~*~tactically~*~*~ (stealth).
   778 | D:1      | 778 ||| Stepping ~*~*~tactically~*~*~ (stealth).
   820 | D:1      | 820 ||| Stepping ~*~*~tactically~*~*~ (stealth).
   822 | D:1      | 822 ||| Stepping ~*~*~tactically~*~*~ (stealth).
   852 | D:1      | Found a transporter.
   869 | D:1      | 869 ||| Stepping ~*~*~tactically~*~*~ (hiding).
   971 | D:1      | 971 ||| Stepping ~*~*~tactically~*~*~ (hiding).
  1073 | D:1      | 1073 ||| Stepping ~*~*~tactically~*~*~ (hiding).
  1088 | D:1      | Reached skill level 1 in Armour
  1226 | D:1      | 1226 ||| DROPPING +0 club.
  1306 | D:1      | 1306 ||| Stepping ~*~*~tactically~*~*~ (stealth).
  1319 | D:1      | 1319 ||| Stepping ~*~*~tactically~*~*~ (stealth).
  1389 | D:1      | Reached XP level 4. HP: 28/28 MP: 4/4
  1447 | D:1      | Found Uvvierafua's Antique Armour Emporium.
  1455 | D:1      | 1455 ||| SHOPLISTING amber-encrusted leather armour (175
                  | gold, have 78).
  1455 | D:1      | 1455 ||| SHOPLISTING chain mail (112 gold, have 78).
  1455 | D:1      | 1455 ||| SHOPLISTING glowing scale mail (175 gold, have
                  | 78).
  1455 | D:1      | 1455 ||| SHOPLISTING jewelled chain mail (237 gold, have
                  | 78).
  1455 | D:1      | 1455 ||| SHOPLISTING plate armour (575 gold, have 78).
  1455 | D:1      | 1455 ||| SHOPLISTING runed scale mail (175 gold, have 78).
  1657 | D:1      | Found a faded altar of an unknown god.
  1800 | D:1      | 1800 ||| UPGRADING to +0 cloak.
  1805 | D:1      | 1805 ||| READING scroll labelled YCVECE OBLABB.
  1806 | D:1      | 1806 ||| DRINKING 2 clear potions.
  1807 | D:1      | 1807 ||| DRINKING 2 bubbling red potions.
  1994 | D:2      | Noticed Jessica
  2011 | D:2      | Killed Jessica
  2012 | D:2      | Reached skill level 4 in Axes
  2059 | D:2      | 2059 ||| Stepping ~*~*~tactically~*~*~ (stealth).
  2064 | D:2      | 2064 ||| Stepping ~*~*~tactically~*~*~ (stealth).
  2065 | D:2      | 2065 ||| Stepping ~*~*~tactically~*~*~ (stealth).
  2070 | D:2      | 2070 ||| Stepping ~*~*~tactically~*~*~ (stealth).
  2071 | D:2      | 2071 ||| Stepping ~*~*~tactically~*~*~ (stealth).
  2261 | D:2      | 2261 ||| Stepping ~*~*~tactically~*~*~ (hiding).
  2363 | D:2      | 2363 ||| Stepping ~*~*~tactically~*~*~ (hiding).
  2582 | D:2      | 2582 ||| Stepping ~*~*~tactically~*~*~ (stealth).
  2644 | D:2      | 2644 ||| UPGRADING to +0 chain mail.
  2654 | D:2      | 2654 ||| DROPPING +1 scale mail "Yteoto Isko" {rElec
                  | Int+2}.
  2655 | D:2      | 2655 ||| UPGRADING to +4 ring of protection.
  2656 | D:2      | 2656 ||| READING scroll labelled HUTYEST LITILOODGHO.
  2751 | D:3      | 2751 ||| Stepping ~*~*~tactically~*~*~ (stealth).
  2752 | D:3      | 2752 ||| Stepping ~*~*~tactically~*~*~ (stealth).
  2769 | D:3      | 2769 ||| Stepping ~*~*~tactically~*~*~ (stealth).
  2807 | D:3      | Reached XP level 5. HP: 32/32 MP: 5/5
  2842 | D:3      | Found a transporter.
  2869 | D:3      | Found a transporter.
  2870 | D:3      | Noticed Arctirus's ghost (amateur OpHW)
  3049 | D:3      | 3049 ||| SWAPPING to +0 war axe.
  3050 | D:3      | 3050 ||| DROPPING +0 hand axe.
  3224 | D:3      | 3224 ||| DROPPING +4 whip.
  3381 | D:3      | Found a burning altar of Makhleb.
  3382 | D:3      | 3382 ||| Stepping ~*~*~tactically~*~*~ (hiding).
  3395 | D:3      | Found a radiant altar of Vehumet.
  3397 | D:3      | 3397 ||| DRINKING 2 smoky blue potions.
  3397 | D:3      | Gained mutation: You are frail. (-10% HP) [potion of
                  | mutation]
  3397 | D:3      | Gained mutation: Your mind is acute. (Int +4, Str/Dex -1)
                  | [potion of mutation]
  3398 | D:3      | 3398 ||| DRINKING potion of mutation.
  3398 | D:3      | Lost mutation: Your mind is acute. (Int +4, Str/Dex -1)
                  | [potion of mutation]
  3398 | D:3      | Lost mutation: You are frail. (-10% HP) [potion of
                  | mutation]
  3398 | D:3      | Gained mutation: Your body sometimes deteriorates upon
                  | taking damage. [potion of mutation]
  3398 | D:3      | Gained mutation: Your mind is acute. (Int +4, Str/Dex -1)
                  | [potion of mutation]
  3437 | D:3      | 3437 ||| DRINKING 2 pink potions.
  3438 | D:3      | 3438 ||| DROPPING potion of flight.
  3502 | D:4      | 3502 ||| Stepping ~*~*~tactically~*~*~ (hiding).
  3503 | D:4      | 3503 ||| Stepping ~*~*~tactically~*~*~ (hiding).
  3506 | D:4      | 3506 ||| Stepping ~*~*~tactically~*~*~ (hiding).
  3545 | D:4      | 3545 ||| Stepping ~*~*~tactically~*~*~ (stealth).
  3566 | D:4      | Found a blossoming altar of Fedhas.
  3567 | D:4      | 3567 ||| Stepping ~*~*~tactically~*~*~ (stealth).
  3575 | D:4      | Reached skill level 5 in Axes
  3575 | D:4      | Reached XP level 6. HP: 33/37 MP: 6/6
  3705 | D:4      | Noticed a black bear
  3723 | D:4      | Killed a black bear
  3723 | D:4      | HP: 6/38 [orc/+0 flail (7)]
  3724 | D:4      | 3724 ||| DRINKING 4 potions of heal wounds.
  3735 | D:4      | 3735 ||| FLEEEEING.
  3736 | D:4      | 3736 ||| FLEEEEING.
  3738 | D:4      | 3738 ||| FLEEEEING.
  3739 | D:4      | 3739 ||| FLEEEEING.
  3740 | D:4      | 3740 ||| FLEEEEING.
  3741 | D:4      | 3741 ||| FLEEEEING.
  3742 | D:4      | 3742 ||| FLEEEEING.
  3743 | D:4      | 3743 ||| FLEEEEING.
  3744 | D:4      | 3744 ||| FLEEEEING.
  3745 | D:4      | 3745 ||| FLEEEEING.
  3746 | D:4      | 3746 ||| FLEEEEING.
  3747 | D:4      | 3747 ||| FLEEEEING.
  3748 | D:4      | 3748 ||| FLEEEEING.
  3749 | D:4      | 3749 ||| FLEEEEING.
  3752 | D:4      | 3752 ||| FLEEEEING.
  3753 | D:4      | 3753 ||| FLEEEEING.
  3767 | D:4      | 3767 ||| FLEEEEING.
  3770 | D:4      | 3770 ||| FLEEEEING.
  3771 | D:4      | 3771 ||| FLEEEEING.
  3772 | D:4      | 3772 ||| FLEEEEING.
  3773 | D:4      | 3773 ||| STAIRDANCE
  3924 | D:3      | 3924 ||| READING scroll labelled ADE HA JELAUC.
  3980 | D:4      | Found an ancient bone altar of Kikubaaqudgha.
  3994 | D:4      | Found an iron altar of Okawaru.
  3994 | D:4      | Found a white marble altar of Elyvilon.
  3995 | D:4      | Found a sparkling altar of Nemelex Xobeh.
  4018 | D:4      | Found an ornate altar of the Wu Jian Council.
  4076 | D:4      | HP: 6/39 [ogre/+0 giant club (5)]
  4077 | D:4      | 4077 ||| DRINKING 3 potions of heal wounds.
  4082 | D:4      | Reached XP level 7. HP: 35/44 MP: 7/7
  4720 | D:4      | 4720 ||| READING 7 scrolls of identify.
  4720 | D:4      | 4720 ||| IDENTIFYING puce potion
  4721 | D:4      | 4721 ||| DROPPING potion of brilliance.
  4760 | D:4      | Became a worshipper of Warmaster Okawaru
  4787 | D:5      | Reached skill level 6 in Axes
  5013 | D:5      | 5013 ||| UPGRADING to +0 plate armour.
  5023 | D:5      | 5023 ||| DROPPING +0 chain mail.
  5151 | D:5      | Reached skill level 3 in Armour
  5306 | D:5      | 5306 ||| Stepping ~*~*~tactically~*~*~ (stealth).
  5308 | D:5      | 5308 ||| Stepping ~*~*~tactically~*~*~ (stealth).
  5317 | D:5      | 5317 ||| Stepping ~*~*~tactically~*~*~ (stealth).
  5323 | D:5      | HP: 11/44 [orc priest/divine providence (11)]
  5324 | D:5      | 5324 ||| DRINKING 3 potions of heal wounds.
  5680 | D:5      | 5680 ||| UPGRADING to +4 ring of evasion.
  5681 | D:5      | 5681 ||| READING scroll labelled IFUUD WANWE.
  5682 | D:5      | 5682 ||| READING 6 scrolls of identify.
  5682 | D:5      | 5682 ||| IDENTIFYING bubbling emerald potion
  5683 | D:5      | 5683 ||| DROPPING potion of invisibility.
  5683 | D:5      | Noticed a troll
  5684 | D:5      | 5684 ||| Stepping randomly (stuck).
  5686 | D:5      | 5686 ||| Stepping randomly (stuck).
  5687 | D:5      | 5687 ||| Stepping randomly (stuck).
  5688 | D:5      | 5688 ||| Stepping randomly (stuck).
  5689 | D:5      | 5689 ||| Stepping randomly (stuck).
  5692 | D:5      | 5692 ||| Stepping randomly (stuck).
  5693 | D:5      | 5693 ||| Stepping randomly (stuck).
  5694 | D:5      | 5694 ||| Stepping randomly (stuck).
  5695 | D:5      | 5695 ||| Stepping randomly (stuck).
  5696 | D:5      | 5696 ||| Stepping randomly (stuck).
  5697 | D:5      | 5697 ||| Stepping randomly (stuck).
  5697 | D:5      | Noticed Menkaure
  5698 | D:5      | 5698 ||| Stepping randomly (stuck).
  5699 | D:5      | 5699 ||| Stepping randomly (stuck).
  5700 | D:5      | 5700 ||| Stepping randomly (stuck).
  5700 | D:5      | Noticed a troll
  5701 | D:5      | 5701 ||| Stepping randomly (stuck).
  5702 | D:5      | 5702 ||| Stepping randomly (stuck).
  5705 | D:5      | 5705 ||| Stepping randomly (stuck).
  5712 | D:5      | 5712 ||| Stepping randomly (stuck).
  5713 | D:5      | 5713 ||| Stepping randomly (stuck).
  5714 | D:5      | 5714 ||| Stepping randomly (stuck).
  5715 | D:5      | 5715 ||| Stepping randomly (stuck).
  5718 | D:5      | 5718 ||| Stepping randomly (stuck).
  5719 | D:5      | 5719 ||| Stepping randomly (stuck).
  5720 | D:5      | 5720 ||| Stepping randomly (stuck).
  5721 | D:5      | 5721 ||| Stepping randomly (stuck).
  5722 | D:5      | 5722 ||| Stepping randomly (stuck).
  5723 | D:5      | 5723 ||| Stepping randomly (stuck).
  5724 | D:5      | 5724 ||| Stepping randomly (stuck).
  5725 | D:5      | 5725 ||| Stepping randomly (stuck).
  5726 | D:5      | 5726 ||| Stepping randomly (stuck).
  5727 | D:5      | 5727 ||| Stepping randomly (stuck).
  5728 | D:5      | 5728 ||| Stepping randomly (stuck).
  5729 | D:5      | 5729 ||| Stepping randomly (stuck).
  5730 | D:5      | 5730 ||| Stepping randomly (stuck).
  5731 | D:5      | 5731 ||| Stepping randomly (stuck).
  5732 | D:5      | 5732 ||| Stepping randomly (stuck).
  5735 | D:5      | 5735 ||| Stepping randomly (stuck).
  5738 | D:5      | 5738 ||| Stepping randomly (stuck).
  5739 | D:5      | 5739 ||| Stepping randomly (stuck).
  5740 | D:5      | 5740 ||| Stepping randomly (stuck).
  5741 | D:5      | 5741 ||| Stepping randomly (stuck).
  5742 | D:5      | 5742 ||| Stepping randomly (stuck).
  5743 | D:5      | 5743 ||| Stepping randomly (stuck).
  5744 | D:5      | 5744 ||| Stepping randomly (stuck).
  5745 | D:5      | 5745 ||| Stepping randomly (stuck).
  5746 | D:5      | 5746 ||| Stepping randomly (stuck).
  5747 | D:5      | 5747 ||| Stepping randomly (stuck).
  5748 | D:5      | 5748 ||| Stepping randomly (stuck).
  5749 | D:5      | 5749 ||| Stepping randomly (stuck).
  5750 | D:5      | 5750 ||| Stepping randomly (stuck).
  5751 | D:5      | 5751 ||| Stepping randomly (stuck).
  5752 | D:5      | 5752 ||| Stepping randomly (stuck).
  5753 | D:5      | 5753 ||| Stepping randomly (stuck).
  5754 | D:5      | 5754 ||| Stepping randomly (stuck).
  5755 | D:5      | 5755 ||| Stepping randomly (stuck).
  5756 | D:5      | 5756 ||| Stepping randomly (stuck).
  5757 | D:5      | 5757 ||| Stepping randomly (stuck).
  5758 | D:5      | 5758 ||| Stepping randomly (stuck).
  5759 | D:5      | 5759 ||| Stepping randomly (stuck).
  5760 | D:5      | 5760 ||| Stepping randomly (stuck).
  5761 | D:5      | 5761 ||| Stepping randomly (stuck).
  5762 | D:5      | 5762 ||| Stepping randomly (stuck).
  5763 | D:5      | 5763 ||| Stepping randomly (stuck).
  5764 | D:5      | 5764 ||| Stepping randomly (stuck).
  5765 | D:5      | 5765 ||| Stepping randomly (stuck).
  5766 | D:5      | 5766 ||| Stepping randomly (stuck).
  5767 | D:5      | 5767 ||| Stepping randomly (stuck).
  5768 | D:5      | 5768 ||| Stepping randomly (stuck).
  5769 | D:5      | 5769 ||| Stepping randomly (stuck).
  5770 | D:5      | 5770 ||| Stepping randomly (stuck).
  5771 | D:5      | 5771 ||| Stepping randomly (stuck).
  5772 | D:5      | 5772 ||| Stepping randomly (stuck).
  5773 | D:5      | 5773 ||| Stepping randomly (stuck).
  5774 | D:5      | 5774 ||| Stepping randomly (stuck).
  5775 | D:5      | 5775 ||| Stepping randomly (stuck).
  5776 | D:5      | 5776 ||| Stepping randomly (stuck).
  5777 | D:5      | 5777 ||| Stepping randomly (stuck).
  5778 | D:5      | 5778 ||| Stepping randomly (stuck).
  5779 | D:5      | 5779 ||| Stepping randomly (stuck).
  5781 | D:5      | 5781 ||| Stepping randomly (stuck).
  5782 | D:5      | 5782 ||| Stepping randomly (stuck).
  5785 | D:5      | 5785 ||| Stepping randomly (stuck).
  5786 | D:5      | 5786 ||| Stepping randomly (stuck).
  5787 | D:5      | 5787 ||| Stepping randomly (stuck).
  5788 | D:5      | 5788 ||| Stepping randomly (stuck).
  5789 | D:5      | 5789 ||| Stepping randomly (stuck).
  5790 | D:5      | 5790 ||| Stepping randomly (stuck).
  5791 | D:5      | 5791 ||| Stepping randomly (stuck).
  5792 | D:5      | 5792 ||| Stepping randomly (stuck).
  5793 | D:5      | 5793 ||| Stepping randomly (stuck).
  5794 | D:5      | 5794 ||| Stepping randomly (stuck).
  5795 | D:5      | 5795 ||| Stepping randomly (stuck).
  5798 | D:5      | 5798 ||| Stepping randomly (stuck).
  5800 | D:5      | 5800 ||| Stepping randomly (stuck).
  5803 | D:5      | 5803 ||| Stepping randomly (stuck).
  5804 | D:5      | 5804 ||| Stepping randomly (stuck).
  5805 | D:5      | 5805 ||| Stepping randomly (stuck).
  5806 | D:5      | 5806 ||| Stepping randomly (stuck).
  5807 | D:5      | 5807 ||| Stepping randomly (stuck).
  5808 | D:5      | 5808 ||| Stepping randomly (stuck).
  5809 | D:5      | 5809 ||| Stepping randomly (stuck).
  5810 | D:5      | 5810 ||| Stepping randomly (stuck).
  5811 | D:5      | 5811 ||| Stepping randomly (stuck).
  5812 | D:5      | 5812 ||| Stepping randomly (stuck).
  5813 | D:5      | 5813 ||| Stepping randomly (stuck).
  5814 | D:5      | 5814 ||| Stepping randomly (stuck).
  5815 | D:5      | 5815 ||| Stepping randomly (stuck).
  5817 | D:5      | 5817 ||| Stepping randomly (stuck).
  5818 | D:5      | 5818 ||| Stepping randomly (stuck).
  5819 | D:5      | 5819 ||| Stepping randomly (stuck).
  5822 | D:5      | 5822 ||| Stepping randomly (stuck).
  5823 | D:5      | 5823 ||| Stepping randomly (stuck).
  5824 | D:5      | 5824 ||| Stepping randomly (stuck).
  5825 | D:5      | 5825 ||| Stepping randomly (stuck).
  5826 | D:5      | 5826 ||| Stepping randomly (stuck).
  5827 | D:5      | 5827 ||| Stepping randomly (stuck).
  5828 | D:5      | 5828 ||| Stepping randomly (stuck).
  5829 | D:5      | 5829 ||| Stepping randomly (stuck).
  5830 | D:5      | 5830 ||| Stepping randomly (stuck).
  5831 | D:5      | 5831 ||| Stepping randomly (stuck).
  5832 | D:5      | 5832 ||| Stepping randomly (stuck).
  5833 | D:5      | 5833 ||| Stepping randomly (stuck).
  5834 | D:5      | 5834 ||| Stepping randomly (stuck).
  5835 | D:5      | 5835 ||| Stepping randomly (stuck).
  5836 | D:5      | 5836 ||| Stepping randomly (stuck).
  5837 | D:5      | 5837 ||| Stepping randomly (stuck).
  5838 | D:5      | 5838 ||| Stepping randomly (stuck).
  5839 | D:5      | 5839 ||| Stepping randomly (stuck).
  5840 | D:5      | 5840 ||| Stepping randomly (stuck).
  5841 | D:5      | 5841 ||| Stepping randomly (stuck).
  5842 | D:5      | 5842 ||| Stepping randomly (stuck).
  5843 | D:5      | 5843 ||| Stepping randomly (stuck).
  5844 | D:5      | 5844 ||| Stepping randomly (stuck).
  5845 | D:5      | 5845 ||| Stepping randomly (stuck).
  5846 | D:5      | 5846 ||| Stepping randomly (stuck).
  5847 | D:5      | 5847 ||| Stepping randomly (stuck).
  5862 | D:5      | 5862 ||| Stepping randomly (stuck).
  5863 | D:5      | 5863 ||| Stepping randomly (stuck).
  5864 | D:5      | 5864 ||| Stepping randomly (stuck).
  5865 | D:5      | 5865 ||| Stepping randomly (stuck).
  5866 | D:5      | 5866 ||| Stepping randomly (stuck).
  5867 | D:5      | 5867 ||| Stepping randomly (stuck).
  5868 | D:5      | 5868 ||| Stepping randomly (stuck).
  5871 | D:5      | 5871 ||| Stepping randomly (stuck).
  5873 | D:5      | 5873 ||| Stepping randomly (stuck).
  5875 | D:5      | 5875 ||| Stepping randomly (stuck).
  5878 | D:5      | 5878 ||| Stepping randomly (stuck).
  5879 | D:5      | 5879 ||| Stepping randomly (stuck).
  5880 | D:5      | 5880 ||| Stepping randomly (stuck).
  5881 | D:5      | 5881 ||| Stepping randomly (stuck).
  5882 | D:5      | 5882 ||| Stepping randomly (stuck).
  5883 | D:5      | 5883 ||| Stepping randomly (stuck).
  5884 | D:5      | 5884 ||| Stepping randomly (stuck).
  5885 | D:5      | 5885 ||| Stepping randomly (stuck).
  5886 | D:5      | 5886 ||| Stepping randomly (stuck).
  5887 | D:5      | 5887 ||| Stepping randomly (stuck).
  5888 | D:5      | 5888 ||| Stepping randomly (stuck).
  5889 | D:5      | 5889 ||| Stepping randomly (stuck).
  5890 | D:5      | 5890 ||| Stepping randomly (stuck).
  5891 | D:5      | 5891 ||| Stepping randomly (stuck).
  5892 | D:5      | 5892 ||| Stepping randomly (stuck).
  5893 | D:5      | 5893 ||| Stepping randomly (stuck).
  5895 | D:5      | 5895 ||| Stepping randomly (stuck).
  5899 | D:5      | 5899 ||| Stepping randomly (stuck).
  5900 | D:5      | 5900 ||| Stepping randomly (stuck).
  5901 | D:5      | 5901 ||| Stepping randomly (stuck).
  5902 | D:5      | 5902 ||| Stepping randomly (stuck).
  5903 | D:5      | 5903 ||| Stepping randomly (stuck).
  5904 | D:5      | 5904 ||| Stepping randomly (stuck).
  5905 | D:5      | 5905 ||| Stepping randomly (stuck).
  5906 | D:5      | 5906 ||| Stepping randomly (stuck).
  5907 | D:5      | 5907 ||| Stepping randomly (stuck).
  5908 | D:5      | 5908 ||| Stepping randomly (stuck).
  5909 | D:5      | 5909 ||| Stepping randomly (stuck).
  5910 | D:5      | 5910 ||| Stepping randomly (stuck).
  5911 | D:5      | 5911 ||| Stepping randomly (stuck).
  5912 | D:5      | 5912 ||| Stepping randomly (stuck).
  5913 | D:5      | 5913 ||| Stepping randomly (stuck).
  5914 | D:5      | 5914 ||| Stepping randomly (stuck).
  5930 | D:5      | 5930 ||| Stepping randomly (stuck).
  5931 | D:5      | 5931 ||| Stepping randomly (stuck).
  5932 | D:5      | 5932 ||| Stepping randomly (stuck).
  5934 | D:5      | 5934 ||| Stepping ~*~*~tactically~*~*~ (stealth).
  5935 | D:5      | 5935 ||| Stepping randomly (stuck).
  5940 | D:5      | Reached * piety under Okawaru
  5941 | D:5      | Reached XP level 8. HP: 42/48 MP: 8/8
  5946 | D:5      | 5946 ||| INVOKING Heroism.
  5951 | D:5      | Reached skill level 7 in Axes
  5955 | D:5      | Reached skill level 1 in Invocations
  5957 | D:5      | 5957 ||| INVOKING Heroism.
  5961 | D:5      | Reached skill level 1 in Throwing
  5967 | D:5      | Reached skill level 3 in Invocations
  5970 | D:5      | 5970 ||| INVOKING Heroism.
  6028 | D:5      | 6028 ||| Stepping ~*~*~tactically~*~*~ (stealth).
  6031 | D:5      | 6031 ||| Stepping ~*~*~tactically~*~*~ (stealth).
  6032 | D:5      | 6032 ||| INVOKING Heroism.
  6193 | D:5      | 6193 ||| DROPPING ring of positive energy.
  6194 | D:5      | 6194 ||| READING scroll labelled HIAGEY FIAMPOH.
  6195 | D:5      | 6195 ||| Stepping randomly (stuck).
  6200 | D:5      | 6200 ||| Stepping randomly (stuck).
  6202 | D:5      | 6202 ||| Stepping randomly (stuck).
  6203 | D:5      | 6203 ||| Stepping randomly (stuck).
  6206 | D:5      | 6206 ||| Stepping randomly (stuck).
  6207 | D:5      | 6207 ||| Stepping randomly (stuck).
  6208 | D:5      | 6208 ||| Stepping randomly (stuck).
  6209 | D:5      | 6209 ||| Stepping randomly (stuck).
  6210 | D:5      | 6210 ||| Stepping randomly (stuck).
  6211 | D:5      | 6211 ||| Stepping randomly (stuck).
  6213 | D:5      | 6213 ||| Stepping randomly (stuck).
  6214 | D:5      | 6214 ||| Stepping randomly (stuck).
  6215 | D:5      | 6215 ||| Stepping randomly (stuck).
  6216 | D:5      | 6216 ||| Stepping randomly (stuck).
  6217 | D:5      | 6217 ||| Stepping randomly (stuck).
  6218 | D:5      | 6218 ||| Stepping randomly (stuck).
  6300 | D:5      | 6300 ||| INVOKING Heroism.
  6319 | D:5      | Killed a troll
  6319 | D:5      | Reached ** piety under Okawaru
  6320 | D:5      | Reached skill level 8 in Axes
  6320 | D:5      | Reached XP level 9. HP: 54/54 MP: 10/12
  6320 | D:5      | 6320 ||| Stepping randomly (stuck).
  6321 | D:5      | 6321 ||| Stepping randomly (stuck).
  6322 | D:5      | 6322 ||| Stepping randomly (stuck).
  6323 | D:5      | 6323 ||| Stepping randomly (stuck).
  6324 | D:5      | 6324 ||| Stepping randomly (stuck).
  6325 | D:5      | 6325 ||| Stepping randomly (stuck).
  6326 | D:5      | 6326 ||| Stepping randomly (stuck).
  6327 | D:5      | 6327 ||| Stepping randomly (stuck).
  6328 | D:5      | 6328 ||| Stepping randomly (stuck).
  6335 | D:5      | 6335 ||| Stepping randomly (stuck).
  6336 | D:5      | 6336 ||| Stepping randomly (stuck).
  6337 | D:5      | 6337 ||| Stepping randomly (stuck).
  6338 | D:5      | 6338 ||| Stepping randomly (stuck).
  6339 | D:5      | 6339 ||| Stepping randomly (stuck).
  6340 | D:5      | 6340 ||| Stepping randomly (stuck).
  6344 | D:5      | 6344 ||| Stepping randomly (stuck).
  6345 | D:5      | 6345 ||| Stepping randomly (stuck).
  6346 | D:5      | 6346 ||| Stepping randomly (stuck).
  6372 | D:5      | 6372 ||| INVOKING Heroism.
  6377 | D:5      | 6377 ||| Stepping ~*~*~tactically~*~*~ (stealth).
  6382 | D:5      | 6382 ||| Stepping ~*~*~tactically~*~*~ (stealth).
  6385 | D:5      | 6385 ||| Stepping ~*~*~tactically~*~*~ (stealth).
  6390 | D:5      | 6390 ||| INVOKING Heroism.
  6395 | D:5      | Killed Menkaure
  6403 | D:5      | 6403 ||| Stepping ~*~*~tactically~*~*~ (stealth).
  6418 | D:5      | HP: 12/54 [troll (7)]
  6419 | D:5      | 6419 ||| DRINKING 2 potions of heal wounds.
  6420 | D:5      | 6420 ||| INVOKING Heroism.
  6424 | D:5      | Killed a troll
  6425 | D:5      | Reached skill level 6 in Fighting
  6806 | D:5      | 6806 ||| READING 2 scrolls labelled ELENOPHADD.
  6807 | D:5      | 6807 ||| READING scroll of enchant armour.
  6807 | D:5      | 6807 ||| ENCHANTING +0 cloak.
  6855 | D:6      | 6855 ||| INVOKING Heroism.
  6857 | D:6      | 6857 ||| Stepping ~*~*~tactically~*~*~ (stealth).
  6858 | D:6      | 6858 ||| Stepping ~*~*~tactically~*~*~ (stealth).
  6866 | D:6      | 6866 ||| Stepping ~*~*~tactically~*~*~ (stealth).
  6867 | D:6      | 6867 ||| Stepping ~*~*~tactically~*~*~ (stealth).
  6968 | D:6      | 6968 ||| INVOKING Heroism.
  7047 | D:6      | 7047 ||| Stepping ~*~*~tactically~*~*~ (hiding).
  7055 | D:6      | 7055 ||| Stepping ~*~*~tactically~*~*~ (stealth).
  7138 | D:6      | Reached skill level 9 in Axes
  7158 | D:6      | 7158 ||| INVOKING Heroism.
  7248 | D:6      | Found Kichuuw's Jewellery Emporium.
  7309 | D:6      | 7309 ||| SHOPLISTING amulet of regeneration (420 gold, have
                  | 380).
  7309 | D:6      | 7309 ||| SHOPLISTING ring "Xawk" {rPois Will+ Str+6 Int+3
                  | Dex+3} (915 gold, have 380).
  7332 | D:6      | Reached skill level 6 in Armour
  7581 | D:6      | 7581 ||| READING 6 scrolls of identify.
  7581 | D:6      | 7581 ||| IDENTIFYING sapphire potion
  7582 | D:6      | 7582 ||| DROPPING potion of attraction.
  7629 | D:7      | 7629 ||| INVOKING Heroism.
  7634 | D:7      | 7634 ||| STAIRDANCE
  7646 | D:7      | 7646 ||| STAIRDANCE
  7771 | D:7      | 7771 ||| INVOKING Heroism.
  7792 | D:7      | 7792 ||| INVOKING Heroism.
  7905 | D:7      | 7905 ||| INVOKING Heroism.
  7919 | D:7      | 7919 ||| INVOKING Heroism.
  7926 | D:7      | Reached XP level 10. HP: 42/63 MP: 10/13
  7932 | D:7      | Reached *** piety under Okawaru
  8092 | D:7      | Reached skill level 10 in Axes
  8135 | D:7      | Found a staircase to the Ecumenical Temple.
  8146 | D:7      | 8146 ||| Stepping ~*~*~tactically~*~*~ (stealth).
  8398 | D:7      | Found a glowing silver altar of Zin.
  8406 | D:7      | 8406 ||| INVOKING Heroism.
  8423 | D:7      | 8423 ||| Stepping ~*~*~tactically~*~*~ (cloud).
  8605 | D:7      | Found a snail-covered altar of Cheibriados.
  8679 | D:7      | 8679 ||| UPGRADING to +0 kite shield.
  8684 | D:7      | 8684 ||| READING scroll labelled MICIAJ KEISHRAA.
  8685 | D:7      | 8685 ||| READING scroll labelled UFOCIKHL WAUPN.
  8690 | D:7      | 8690 ||| READING 7 scrolls of identify.
  8690 | D:7      | 8690 ||| IDENTIFYING cyan potion
  8691 | D:7      | 8691 ||| READING 6 scrolls of identify.
  8691 | D:7      | 8691 ||| IDENTIFYING grey potion
  8692 | D:7      | 8692 ||| DROPPING potion of degeneration.
  8804 | D:8      | Reached skill level 1 in Shields
  8805 | D:8      | Found a runed translucent gate.
  8814 | D:8      | Found a runed translucent gate.
  8814 | D:8      | Found a runed translucent gate.
  8817 | D:8      | Noticed qw's ghost (novice GrBe)
  8817 | D:8      | Noticed qw's ghost (novice GrDe)
  8865 | D:8      | 8865 ||| FLEEEEING.
  8871 | D:8      | 8871 ||| Stepping ~*~*~tactically~*~*~ (stealth).
  8878 | D:8      | 8878 ||| INVOKING Heroism.
  8939 | D:8      | 8939 ||| Stepping ~*~*~tactically~*~*~ (hiding).
  8942 | D:8      | 8942 ||| INVOKING Heroism.
  8943 | D:8      | 8943 ||| Stepping ~*~*~tactically~*~*~ (hiding).
  8944 | D:8      | Noticed a gargoyle
  8968 | D:8      | Killed a gargoyle
  8969 | D:8      | Reached skill level 3 in Shields
  9163 | D:8      | 9163 ||| DROPPING +0 flail.
  9220 | D:8      | Found a staircase to the Lair.
  9238 | D:8      | 9238 ||| Stepping ~*~*~tactically~*~*~ (stealth).
  9242 | D:8      | 9242 ||| INVOKING Heroism.
  9409 | D:8      | Identified the +2 robe "Xuzurog" {rF- Str+4 Int+5}
  9531 | D:8      | 9531 ||| READING scroll of enchant armour.
  9531 | D:8      | 9531 ||| ENCHANTING +1 cloak.
  9556 | D:8      | 9556 ||| PLANNING LAIR
  9599 | Lair:1   | Entered Level 1 of the Lair of Beasts
  9656 | Lair:1   | Noticed Erica
  9659 | Lair:1   | 9659 ||| INVOKING Heroism.
  9676 | Lair:1   | Killed Erica
  9811 | Lair:1   | 9811 ||| Stepping ~*~*~tactically~*~*~ (stealth).
  9813 | Lair:1   | 9813 ||| Stepping ~*~*~tactically~*~*~ (stealth).
  9815 | Lair:1   | 9815 ||| INVOKING Heroism.
  9827 | Lair:1   | Reached skill level 6 in Shields
  9835 | Lair:1   | Reached **** piety under Okawaru
 10011 | Lair:1   | 10011 ||| INVOKING Heroism.
 10046 | Lair:1   | Reached XP level 11. HP: 66/68 MP: 13/15
 10049 | Lair:1   | 10049 ||| INVOKING Heroism.
 10095 | Lair:1   | Reached skill level 6 in Invocations
 10219 | Lair:1   | 10219 ||| INVOKING Heroism.
 10260 | Lair:1   | 10260 ||| Stepping ~*~*~tactically~*~*~ (stealth).
 10262 | Lair:1   | 10262 ||| Stepping ~*~*~tactically~*~*~ (stealth).
 10263 | Lair:1   | 10263 ||| INVOKING Heroism.
 10286 | Lair:1   | 10286 ||| INVOKING Heroism.
 10302 | Lair:1   | Received a gift from Okawaru
 10305 | Lair:1   | Reached skill level 9 in Shields
 10493 | Lair:1   | 10493 ||| INVOKING Heroism.
 10587 | Lair:1   | 10587 ||| INVOKING Heroism.
 10703 | Lair:1   | 10703 ||| INVOKING Heroism.
 11149 | Lair:1   | 11149 ||| READING 5 scrolls of identify.
 11149 | Lair:1   | 11149 ||| IDENTIFYING yellow potion
 11150 | Lair:1   | 11150 ||| READING 4 scrolls of identify.
 11150 | Lair:1   | 11150 ||| IDENTIFYING fuming golden potion
 11151 | Lair:1   | 11151 ||| DROPPING potion of ambrosia.
 11152 | Lair:1   | 11152 ||| DROPPING potion of berserk rage.
 11262 | Lair:2   | 11262 ||| Stepping ~*~*~tactically~*~*~ (hiding).
 11343 | Lair:2   | 11343 ||| INVOKING Heroism.
 11359 | Lair:2   | Reached ***** piety under Okawaru
 11499 | Lair:2   | 11499 ||| Stepping ~*~*~tactically~*~*~ (stealth).
 11501 | Lair:2   | 11501 ||| INVOKING Heroism.
 11502 | Lair:2   | 11502 ||| Stepping ~*~*~tactically~*~*~ (stealth).
 11505 | Lair:2   | 11505 ||| Stepping ~*~*~tactically~*~*~ (stealth).
 11514 | Lair:2   | 11514 ||| INVOKING Heroism.
 11529 | Lair:2   | Received a gift from Okawaru
 11535 | Lair:2   | HP: 15/68 [elephant (13)]
 11536 | Lair:2   | 11536 ||| READING scroll of teleportation.
 11537 | Lair:2   | 11537 ||| DRINKING potion of heal wounds.
 11728 | Lair:2   | 11728 ||| INVOKING Heroism.
 11778 | Lair:2   | 11778 ||| INVOKING Heroism.
 11868 | Lair:2   | Reached skill level 9 in Invocations
 11952 | Lair:2   | 11952 ||| INVOKING Heroism.
 11953 | Lair:2   | Found a staircase to the Shoals.
 12092 | Lair:2   | Reached XP level 12. HP: 59/73 MP: 17/19
 12179 | Lair:2   | Found a runed translucent gate.
 12180 | Lair:2   | Found a runed translucent gate.
 12180 | Lair:2   | Found a runed translucent gate.
 12184 | Lair:2   | Noticed qw's ghost (journeyman GrFi)
 12394 | Lair:2   | 12394 ||| UPGRADING to +1 pair of boots.
 12399 | Lair:2   | 12399 ||| UPGRADING to amulet of the acrobat.
 12563 | Lair:3   | Found a staircase to the Snake Pit.
 12582 | Lair:3   | You fall into a shaft and drop 2 floors!
 12582 | Lair:5   | Entered Level 5 of the Lair of Beasts
 12583 | Lair:5   | 12583 ||| INVOKING Heroism.
 12681 | Lair:5   | 12681 ||| READING scroll labelled XORASI HOADUOBI.
 12781 | Lair:3   | 12781 ||| Stepping ~*~*~tactically~*~*~ (stealth).
 12783 | Lair:3   | 12783 ||| Stepping ~*~*~tactically~*~*~ (stealth).
 12784 | Lair:3   | 12784 ||| INVOKING Heroism.
 12790 | Lair:3   | Reached skill level 11 in Axes
 12798 | Lair:3   | 12798 ||| INVOKING Heroism.
 13027 | Lair:3   | 13027 ||| Stepping ~*~*~tactically~*~*~ (stealth).
 13032 | Lair:3   | 13032 ||| INVOKING Heroism.
 13174 | Lair:3   | 13174 ||| Stepping ~*~*~tactically~*~*~ (stealth).
 13187 | Lair:3   | 13187 ||| INVOKING Heroism.
 13194 | Lair:3   | Received a gift from Okawaru
 13208 | Lair:3   | HP: 17/73 [elephant (11)]
 13209 | Lair:3   | 13209 ||| READING scroll of teleportation.
 13480 | Lair:3   | 13480 ||| SWAPPING to +2 war axe of flaming.
 13481 | Lair:3   | 13481 ||| DROPPING +0 morningstar.
 13482 | Lair:3   | 13482 ||| DROPPING +1 war axe.
 13509 | Lair:3   | 13509 ||| INVOKING Heroism.
 13533 | Lair:3   | 13533 ||| Stepping ~*~*~tactically~*~*~ (water).
 13755 | Lair:3   | 13755 ||| READING scroll of enchant weapon.
 13755 | Lair:3   | 13755 ||| ENCHANTING +2 war axe of flaming.
 13815 | Lair:3   | 13815 ||| INVOKING Heroism.
 13875 | Lair:3   | 13875 ||| INVOKING Heroism.
 13977 | Lair:3   | 13977 ||| READING scroll of enchant armour.
 13977 | Lair:3   | 13977 ||| ENCHANTING +1 pair of boots.
 14081 | Lair:3   | 14081 ||| INVOKING Heroism.
 14156 | Lair:3   | 14156 ||| UPGRADING to +0 pair of gloves.
 14161 | Lair:3   | 14161 ||| DROPPING ring of ice.
 14188 | Lair:3   | 14188 ||| INVOKING Heroism.
 14220 | Lair:4   | Reached skill level 9 in Fighting
 14349 | Lair:4   | 14349 ||| INVOKING Heroism.
 14729 | Lair:4   | Reached skill level 9 in Armour
 14767 | Lair:4   | Found a viscous altar of Jiyva.
 14767 | Lair:4   | Found a staircase to the Slime Pits.
 14984 | Lair:4   | 14984 ||| DROPPING ring of resist corrosion.
 14985 | Lair:4   | 14985 ||| READING 2 scrolls labelled XUNAPTAOM.
 14986 | Lair:4   | 14986 ||| READING 4 scrolls of identify.
 14986 | Lair:4   | 14986 ||| IDENTIFYING murky yellow potion
 14987 | Lair:4   | 14987 ||| READING 3 scrolls of identify.
 14987 | Lair:4   | 14987 ||| IDENTIFYING lumpy coppery potion
 14988 | Lair:4   | 14988 ||| DROPPING scroll of amnesia.
 14989 | Lair:4   | 14989 ||| DROPPING potion of lignification.
 15038 | Lair:5   | 15038 ||| Stepping ~*~*~tactically~*~*~ (hiding).
 15045 | Lair:5   | Identified the +1 gold dragon scales of Vexation {rPois rF+
                  | rC+ Will++ Regen+ Str-5 SInv} (Okawaru gifted it to you on
                  | level 5 of the Lair of Beasts)
 15045 | Lair:5   | Received a gift from Okawaru
 15069 | Lair:5   | 15069 ||| INVOKING Heroism.
 15070 | Lair:5   | 15070 ||| Stepping ~*~*~tactically~*~*~ (stealth).
 15159 | Lair:5   | Noticed an eight-headed hydra
 15160 | Lair:5   | 15160 ||| INVOKING Heroism.
 15176 | Lair:5   | Killed a one-headed hydra
 15240 | Lair:5   | 15240 ||| Stepping ~*~*~tactically~*~*~ (stealth).
 15241 | Lair:5   | 15241 ||| Stepping ~*~*~tactically~*~*~ (stealth).
 15242 | Lair:5   | 15242 ||| INVOKING Heroism.
 15358 | Lair:5   | Reached XP level 13. HP: 78/80 MP: 20/20
 15462 | Lair:5   | Reached skill level 12 in Axes
 15485 | Lair:5   | 15485 ||| INVOKING Heroism.
 15547 | Lair:5   | 15547 ||| Stepping ~*~*~tactically~*~*~ (stealth).
 15670 | Lair:5   | 15670 ||| INVOKING Heroism.
 15672 | Lair:5   | 15672 ||| Stepping ~*~*~tactically~*~*~ (stealth).
 15852 | Lair:5   | 15852 ||| INVOKING Heroism.
 15867 | Lair:5   | 15867 ||| Stepping ~*~*~tactically~*~*~ (stealth).
 15911 | Lair:5   | 15911 ||| Stepping ~*~*~tactically~*~*~ (hiding).
 15915 | Abyss:2  | Cast into level 2 of the Abyss (a wizard)
 15932 | Abyss:2  | 15932 ||| INVOKING Heroism.
 16012 | Abyss:2  | Noticed a starcursed mass
 16013 | Abyss:2  | 16013 ||| INVOKING Heroism.
 16021 | Abyss:2  | HP: 13/82 [starcursed mass/accursed screaming (11)]
 16022 | Abyss:2  | 16022 ||| READING scroll of teleportation.
 16022 | Abyss:2  | HP: 4/82 [starcursed mass (9)]
 16026 | Abyss:2  | Killed from afar by a starcursed mass

Levels and vault maps discovered:
D:1:      spicycebolla_arrival_risky_transporter, layout_loops_ring,
          serial_shops, nicolae_square_shop,
          shapermc_ecumenical_altar_mp_highgroup
D:2:      layout_loops_cross, uniq_jessica
D:3:      layout_basic, grunt_temple_overflow_lords_of_destruction,
          gammafunk_ghost_stat_death
D:4:      layout_loops_ring, mainiacjoe_overflow_concentric_impassable,
          kennysheep_mini, chequers_temple_overflow_statue_of_worship,
          minmay_pentomino_pile
D:5:      kennysheep_windowed_halls, layout_loops_cross, corexii_corridor_pit,
          uniq_menkaure
D:6:      layout_loops_ring, serial_shops, nicolae_shop_statue_plus,
          nrook_loot_triangle
D:7:      layout_gridville, mainiacjoe_overflow_catwalk, lemuel_round_altar,
          minmay_temple_entry_slanted, serial_demonic, serial_demonic_e,
          serial_demonic_c, serial_demonic_g, serial_demonic_c,
          serial_demonic_e, serial_demonic_f, kennysheep_generic_room_14
D:8:      layout_gridville, dpeg_oklobed_lair, gammafunk_ghost_cemetery
Lair:1:   layout_regular_city, lemuel_fruit_tree, uniq_erica
Lair:2:   layout_concentric_octagons, minmay_shoals_entry_centaurs,
          ebering_ghost_rock_garden
Lair:3:   layout_regular_city, minmay_snake_entry_six_corridors, worms_lemuel
Lair:4:   layout_regular_city, dpeg_slime_entry_enclosed, grunt_megastairs_5
Lair:5:   evil_forest, layout_regular_city, dpeg_oklob_1,
          infiniplex_staircase_pool, grunt_megastairs_2
Abyss:2:  base: D:13, hangedman_abyss_river_spirits

Skill      XL: |  1  2  3  4  5  6  7  8  9 10 11 12 13 |
---------------+----------------------------------------+-----
Axes           | 2 3 4 5 6 8 9 10 11 12 | 12.0
Armour         | 1 2 4 6 7 9 |  9.1
Fighting       | 4 5 7 8 9 10 | 10.0
Invocations    | 4 5 9 10 | 10.0
Throwing       | 1 2 |  2.1
Shields        | 7 9 10 | 10.8
Dodging        | 2 |  2.2
Stealth        | |  5.4

Action                   |  1- 3 |  4- 6 |  7- 9 | 10-12 | 13-15 || total
-------------------------+-------+-------+-------+-------+-------++-------
Melee: Hand axe          |    68 |    63 |       |       |       ||   131
       War axe           |       |    90 |   304 |   665 |   124 ||  1183
       Punch             |       |     1 |     9 |       |       ||    10
Throw: Boomerang         |     5 |    60 |    59 |    96 |       ||   220
Invok: Heroism           |       |       |    16 |    34 |     5 ||    55
  Use: Scroll            |     1 |     3 |     7 |    15 |     1 ||    27
       Potion            |       |     7 |     2 |     1 |       ||    10
 Stab: Sleeping          |     1 |     1 |       |       |       ||     2
Armor: Scale mail        |    38 |    20 |       |       |       ||    58
       Leather armour    |     1 |       |       |       |       ||     1
       Chain mail        |       |   118 |    28 |       |       ||   146
       Plate armour      |       |       |   223 |   397 |    55 ||   675
Dodge: Dodged            |    31 |    71 |   207 |   273 |    31 ||   613
Block: Kite shield       |       |       |       |   348 |    59 ||   407

Table legend:
 A = Non-vault XP
 B = Vault XP
 C = Vault XP percentage of total XP
 D = Non-vault monster count
 E = Vault monster count
 F = Vault count percentage of total count
                 A         B        C        D         E       F
            +---------+---------+-------+---------+---------+-------
      Total |   25942 |   12742 |  32.9 |     245 |      74 |  23.2
            +---------+---------+-------+---------+---------+-------
        D:1 |      56 |       0 |   0.0 |      24 |       0 |   0.0
        D:2 |      35 |      37 |  51.4 |      13 |       1 |   7.1
        D:3 |      49 |      48 |  49.5 |      19 |       1 |   5.0
        D:4 |     331 |     119 |  26.4 |      35 |       3 |   7.9
        D:5 |     452 |    1957 |  81.2 |      16 |      21 |  56.8
        D:6 |     869 |       0 |   0.0 |      20 |       0 |   0.0
        D:7 |    1433 |     146 |   9.2 |      22 |       8 |  26.7
        D:8 |     851 |       0 |   0.0 |      16 |       0 |   0.0
     Lair:1 |    6551 |     831 |  11.3 |      29 |       1 |   3.3
     Lair:2 |    4297 |     435 |   9.2 |      12 |       4 |  25.0
     Lair:3 |    4589 |    2625 |  36.4 |      17 |      10 |  37.0
     Lair:4 |    1459 |     418 |  22.3 |       8 |       1 |  11.1
     Lair:5 |    3475 |    6126 |  63.8 |       9 |      24 |  72.7
    Abyss:2 |    1495 |       0 |   0.0 |       5 |       0 |   0.0
            +---------+---------+-------+---------+---------+-------
